← All builds
Suicide front / Armada / Factory first / OBSERVED BUILD

Standard suicide front

Armada Suicide front build order · Supreme Isthmus

The role's baseline: Bot Lab at 0:21 then straight into reclaim-fed T1 bot production to contest the middle and hold until T2 arrives, with an Advanced Metal Extractor around 9:45.

#rush · 2088 distinct matches · 238 players · 72% of Armada Suicide front games · team won 59% of 2466 · Recently observed

HOW TO PLAY IT

Key timing: Bot Lab by 0:20

  1. Open with mex and lab-first to get Bot Lab up by 0:20.
  2. Expand mex and wind while lab pumps units toward middle.
  3. Push Sentry and early Rocketeer, Centurion to contest middle.
  4. Get T2 constructor out once Pond's boost lets you spare metal.
  5. Upgrade mex to Advanced Metal Extractor as you transition off T1 spam.

Phase by phase

TYPICAL OF ITS 2088 GAMES
  1. 1
  2. 2
  3. 3
PLAY THE OPENING

Follow the example game's first 6:00 step by step: what to build now, what comes next, and where it goes. At 1× it keeps pace with your own game.

  1. 1

    Bot Lab first

    Order
    1. Bot LabBot Lab done ~0:26, middle half 0:20–0:33

    Some games also: mex (45%)

  2. 2

    Bot Lab to 5:00

    Economy
    • Metal Extractor5Mex
    • Wind Turbine4Wind
    Builders
    • Construction Bot3 Con bot
    • Lazarus2 Lazarus
    Army
    • Sentry4 Sentry
    • Rocketeer16 Rocketeer
    • Tick2 Tick
    • Centurion1 Centurion
    Other
    • Radar Tower1 Radar Tower

    Some games also: pawn (38%) · con turret (34%)

    By 5:00 in all: 5 mex · 4 wind

    The example game in this phase · 36 steps
    1. LazarusLazarus
    2. Mex
    3. PawnPawn
    4. Solar
    5. PawnPawn ×4
    6. Construction BotCon bot
    7. Mex
    8. RocketeerRocketeer ×2
    9. Mex
    10. RocketeerRocketeer
    11. PawnPawn ×5
    12. Mex
    13. PawnPawn
    14. SentrySentry
    15. PawnPawn
    16. SentrySentry
    17. Mex
    18. PawnPawn
    19. RocketeerRocketeer
    20. PawnPawn
    21. RocketeerRocketeer ×2
    22. Construction BotCon bot
    23. Radar TowerRadar Tower
    24. RocketeerRocketeer
    25. Construction BotCon bot
    26. RocketeerRocketeer
    27. Construction BotCon bot
    28. SentrySentry
    29. Construction BotCon bot
    30. BeholderBeholder
    31. Solar
    32. LazarusLazarus
    33. Solar
    34. Wind
    35. LazarusLazarus
    36. Solar
  3. 3

    5:00 to 10:00

    Economy
    • Metal Extractor1Mex
    • Wind Turbine15Wind
    Builders
    • Construction Turret2 Con turret
    • Lazarus2 Lazarus
    • Construction Bot1 Con bot
    Army
    • Sentry1 Sentry
    • Rocketeer8 Rocketeer

    Some games also: pawn (48%) · Radar Tower (46%) · tick (44%) · centurion (44%) · energy storage (42%) · eat Bot Lab (31%)

    By 10:00 in all: 6 mex · 21 wind · 1 energy storage · 2 con turret

    The example game in this phase · 99 steps
    1. RocketeerRocketeer
    2. Wind
    3. RocketeerRocketeer ×4
    4. Wind
    5. Construction BotCon bot
    6. PawnPawn ×2
    7. Wind
    8. PawnPawn ×3
    9. Con turret
    10. PawnPawn
    11. Wind
    12. PawnPawn ×3
    13. Wind
    14. PawnPawn ×5
    15. Con turret
    16. Advanced Bot LabAdvanced Bot Labnot finished by 15:00
    17. PawnPawn
    18. Wind
    19. PawnPawn
    20. Mex
    21. PawnPawn ×2
    22. Wind
    23. SentrySentry
    24. RocketeerRocketeer
    25. SentrySentry
    26. ThugThug
    27. PawnPawn
    28. Wind
    29. PawnPawn
    30. SentrySentry
    31. PawnPawn
    32. Mex
    33. SentrySentry
    34. Wind
    35. AnemoneAnemone
    36. Wind
    37. LazarusLazarus
    38. Wind
    39. LazarusLazarus
    40. Converter
    41. Advanced Metal ExtractorT2 mexdone 10:31 · typical 9:47
    42. Converter
    43. Wind
    44. Radar TowerRadar Tower
    45. GruntGrunt
    46. Wind
    47. Mex
    48. ThugThug
    49. Metal storage
    50. Mex
    51. Advanced Metal ExtractorT2 mex
    52. Wind
    53. Advanced Bot LabEat Advanced Bot Labreclaimed for its metal
    54. Wind
    55. Advanced Metal ExtractorT2 mex
    56. Wind
    57. Con turret ×2
    58. Wind
    59. TickTick ×4
    60. Wind
    61. TickTick
    62. Fusion ReactorFusiondone 13:49
    63. TickTick
    64. Solar
    65. TickTick ×2
    66. Solar
    67. TickTick ×2
    68. Wind
    69. Solar
    70. TickTick ×2
    71. Solar
    72. TickTick ×4
    73. Wind
    74. Solar
    75. TickTick ×4
    76. Solar
    77. TickTick ×2
    78. Wind
    79. TickTick ×3
    80. Fusion ReactorFusion
    81. TickTick ×3
    82. Wind
    83. TickTick ×2
    84. Con turret
    85. TickTick
    86. Bot LabBot Labdone 14:08
    87. TickTick ×2
    88. Bot LabBot Labdone 14:16
    89. TickTick ×2
    90. Wind
    91. TickTick ×24
    92. Wind
    93. TickTick ×14
    94. Mex
    95. TickTick
    96. Converter
    97. TickTick ×2
    98. Wind
    99. TickTick ×2

Counts are medians over the build's games: half of them build more, half fewer. The example game is CrdFusCncrPOI_Yudchi's (33 OS, 12/08/2026); pick another.

Team trades

IN AT LEAST 30% OF ITS GAMES

You hand over

Nothing regular.

You get

  • Tidal Generator4 Tidal from Pondfirst at 0:11 · in 68% of games
  • Advanced Construction Bot1 T2 con bot from Geo or Techfirst at 7:42 · in 57% of games

How it plays out

Typical game of this build, running totals by minute

Metal produced

010k20k
0:005:0010:0015:00

metal

Enemy metal destroyed

05k10k
0:005:0010:0015:00

metal

Own metal lost

05k10k
0:005:0010:0015:00

metal

2466 games.

Show as table
ByMetal produced: This buildEnemy metal destroyed: This buildOwn metal lost: This build
1:0023000
2:0088700
3:002007187130
4:003110642502
5:0041861347996
6:00535021831698
7:00654530562580
8:00775739403488
9:00903547064362
10:001039753225142
11:001186458605952
12:001356164256647
13:001538668767428
14:001728875048206
15:001925281068974
WHAT THE NUMBERS SAY

Standard Suicide front play wins a bit over half its games while taking the heaviest own losses of any role by 15:00.

  • + Produces 20142 metal by 15:00, highest of the front roles.
  • + First kill by 2:01 in all games, fastest contest of middle.
  • − Own metal lost hits 9178 by 15:00, more than enemy metal destroyed.
  • − Only 34% Rocketeer share shows army spread thin across many bot types.
THE EXAMPLE YOU ARE READING

CrdFusCncrPOI_Yudchi

32.9 OS · 12/08/2026

Open source match ↗

5 received units · includes a constructor
359 metal received · 4042 energy received

Allied construction assistance is unknown. Timings are observations, not a promise of solo reproducibility.

Typical milestones

Bot Lab0:26Middle 50%: 0:20–0:33 · n=2458
Advanced Metal Extractor9:47Middle 50%: 8:50–10:59 · n=1782

Played most by

_X_265games of this buildPlatinumBlonde188games of this buildXad165games of this buildTrapCaT111games of this buildImmort80games of this build